Construct Section Command Post
Construct Platoon Command Post
Construct Company Command Post
Selects Air and Sea Battlegroup
Selects Commando Section Paradrop
Commando Section Paradrop
Commando Section Paradrop
Selects M1 Pack Howitzer Paradrop
Selects Anti-tank Rocket Loiter
Unlock M3 Grant Medium Tanks
Selects Centaur Medium Tank
Selects Naval Bombardment